 Dungeon Crawl Stone Soup version 0.27.1-33-g824d729ab1 (webtiles) character file.

Game seed: 8031771230720665557

361 styxcanada the Covert (level 6, -1/32 HPs)
             Began as a Spriggan Brigand on Dec 12, 2021.
             Hit by a silver boomerang thrown by an orc (3 damage)
             ... on level 4 of the Dungeon.
             The game lasted 00:21:21 (4395 turns).

styxcanada the Covert (Spriggan Brigand)            Turns: 4395, Time: 00:21:22

Health: -1/32      AC:  3    Str:  7    XL:     6   Next: 38%
Magic:  7/7        EV: 19    Int: 12    God:
Gold:   110        SH:  0    Dex: 19    Spells: 5/5 levels left

rFire    . . .     SeeInvis +   a - +2 dagger
rCold    . . .     Faith    .   (shield restricted)
rNeg     . . .     Spirit   .   b - +0 robe
rPois    .         Reflect  .   (helmet restricted)
rElec    .         Harm     .   c - +0 cloak
rCorr    .         Rampage  .   (gloves unavailable)
Will     +....                  (boots unavailable)
Stlth    ++++......             (no amulet)
HPRegen  0.10/turn              (no ring)
MPRegen  0.10/turn              (no ring)

@: very quick
A: very small, no large weapons, unfitting armour, see invisible, speed 3
a: no special abilities


You were on level 4 of the Dungeon.
You visited 1 branch of the dungeon, and saw 4 of its levels.

You collected 131 gold pieces.
You spent 21 gold pieces at shops.

Inventory:

Hand Weapons
 a - a +2 dagger (weapon)
 i - a +3 shortbow of flaming
 l - a +0 hunting sling
Missiles
 g - 132 stones
 h - 2 poisoned darts (quivered)
Armour
 b - a +0 robe (worn)
 c - a +0 cloak (worn)
Jewellery
 f - a ring of ice
Scrolls
 d - a scroll of identify
 j - 2 scrolls of teleportation
 p - a scroll of fear
Potions
 k - a potion of mutation {unknown}
 m - a potion of attraction {unknown}
 n - a potion of flight


   Skills:
 * Level 2.5 Fighting
 + Level 3.6 Short Blades
 + Level 1.5(2.6) Slings
 + Level 2.7(2.9) Throwing
 * Level 3.9 Dodging
 * Level 8.4 Stealth


You had 5 spell levels left.
You didn't know any spells.
Your spell library contained the following spells:

 Spells                   Type           Power      Damage    Failure   Level
 Animate Skeleton         Necr           0%         N/A       32%         1
 Pain                     Necr           0%         1d4       32%         1
 Vampiric Draining        Necr           0%         2d6       69%         3


Dungeon Overview and Level Annotations

Branches:
Dungeon (4/15)
 Temple: D:4-7

Altars:
Ashenzari
Nemelex Xobeh

Shops:
D:4 *

Annotations:
D:4 Sigmund


Innate Abilities, Weirdness & Mutations

You are very small and have problems with some larger weapons.
You are too small for most types of armour.
You have supernaturally acute eyesight. (SInv)
You cover ground extremely quickly. (Speed+++)


Message History

Sigmund shouts!
Throw: 3 darts (poison)
Press: ? - help, Q - select action, (/) - cycle Shift-Dir - straight line, f/p - Sigmund
Aim: Sigmund, wielding a +0 scythe and wearing a +2 robe of willpower (moderately wounded, 60% to hit)
You throw a poisoned dart.
The poisoned dart barely misses Sigmund.
Throw: 2 darts (poison)
Press: ? - help, Q - select action, (/) - cycle Shift-Dir - straight line, f/p - Sigmund
Aim: Sigmund, wielding a +0 scythe and wearing a +2 robe of willpower (moderately wounded, 60% to hit)
You throw a poisoned dart.
The poisoned dart closely misses Sigmund.
The orc shouts!
Sigmund gestures at you while chanting. The magic dart hits you.
Throw: dart (poison)
Press: ? - help, Q - select action, (/) - cycle Shift-Dir - straight line, f/p - Sigmund
Aim: Sigmund, wielding a +0 scythe and wearing a +2 robe of willpower (moderately wounded, 60% to hit)
You throw a poisoned dart.
The poisoned dart barely misses Sigmund.
Throw: dart (curare)
Press: ? - help, Q - select action, (/) - cycle Shift-Dir - straight line, f/p - Sigmund
Aim: Sigmund, wielding a +0 scythe and wearing a +2 robe of willpower (moderately wounded, 60% to hit)
You throw a curare-tipped dart.
The curare-tipped dart barely misses Sigmund.
The orc throws a silver boomerang.
The silver boomerang closely misses you.
Sigmund gestures at you while chanting. The puff of flame hits you!
The orc throws a silver boomerang.
The silver boomerang hits you. Sigmund casts a spell at you.
The magic dart hits you!
* * * LOW HITPOINT WARNING * * *
Sigmund screams, "Die, monster!"
There is an open door here.
The orc throws a silver boomerang.
The silver boomerang closely misses you.
h - 2 poisoned darts You see here 2 poisoned darts.
The orc throws a silver boomerang.
The silver boomerang hits you.
You die...

##.####..##
###.........#
#..@.#...#....#
##.####...####.#
###..#⌠.##'##.⌠# .##
#....#.........# ..
#.####......).#####.
#.#...........#...#. #
#.'@..'(.._...[...#.
#.#.#...#o......#...#.
#....####.......#..##.
#.........o......#....
#.###..#⌠.##@...⌠#...#
#. #..####...####...#
#.###.....#...#.......
#......#..#...#.....#.
######....##..#.###...


You could see an orc.

Vanquished Creatures
  A necrophage (D:4)
  A hound (D:3)
  A jelly (D:4)
  An orc priest (D:4)
  6 gnolls
  4 adders
  A dart slug (D:3)
  6 orcs (D:4)
  8 bats
  13 endoplasms
  2 giant cockroaches (D:1)
  8 hobgoblins
  3 jackals (D:3)
  5 kobolds
  2 quokkas
  7 ball pythons
  5 frilled lizards
  8 goblins
  A rat (D:2)
83 creatures vanquished.

Notes
Turn   | Place    | Note
-------+----------+-------------------------------------------
     0 | D:1      | styxcanada the Spriggan Brigand began the quest for the
                  | Orb.
     0 | D:1      | Reached XP level 1. HP: 10/10 MP: 2/2
    41 | D:1      | Reached skill level 6 in Stealth
   101 | D:1      | Reached XP level 2. HP: 14/14 MP: 3/3
  1061 | D:2      | Reached XP level 3. HP: 17/18 MP: 4/4
  1101 | D:2      | Reached skill level 7 in Stealth
  1388 | D:2      | Found a sparkling altar of Nemelex Xobeh.
  1700 | D:3      | Reached XP level 4. HP: 15/23 MP: 5/5
  2233 | D:3      | HP: 1/23 [hound (4)]
  2241 | D:3      | Reached XP level 5. HP: 23/26 MP: 6/6
  2960 | D:4      | Reached skill level 8 in Stealth
  2967 | D:4      | Found Eceri's Assorted Antiques.
  2980 | D:4      | Bought a white potion for 21 gold pieces
  3334 | D:4      | Found a broken altar of Ashenzari.
  3346 | D:4      | Identified the +1 robe "Likhlaj" {rC+}
  3351 | D:4      | Noticed Sigmund
  3380 | D:4      | Reached skill level 1 in Slings
  3438 | D:4      | Reached XP level 6. HP: 15/31 MP: 7/7
  4375 | D:4      | HP: 1/32 [Sigmund/magic dart (10)]
  4395 | D:4      | Hit by a silver boomerang thrown by an orc

Illustrated notes

Levels and vault maps discovered:
D:1:      nicolae_arrival_washed_ashore, layout_basic, minmay_tiny_reverse_x
D:2:      layout_rooms, basic_altar, grunt_decor_junction
D:3:      layout_loops_ring, hangedman_decor_points, minmay_checkerbox
D:4:      layout_rooms, evilmike_ruin_ashenzari, serial_shops,
          nicolae_shop_trees, minmay_puff, uniq_sigmund, uniq_crazy_yiuf_cottage

Skill      XL: |  1  2  3  4  5 |
---------------+----------------+-----
Stealth        | 6 7 8 |  8.4
Dodging        | 2 3 |  3.9
Fighting       | 2 |  2.5
Short Blades   | 3 |  3.6
Slings         | 1 |  1.5
Throwing       | |  2.7

Action                   |  1- 3 |  4- 6 || total
-------------------------+-------+-------++-------
Melee: Dagger            |   101 |   191 ||   292
 Fire: Hunting sling     |       |    21 ||    21
Throw: Dart              |    19 |    29 ||    48
       Stone             |       |     4 ||     4
  Use: Scroll            |       |     7 ||     7
       Potion            |       |     4 ||     4
 Stab: Sleeping          |     9 |    14 ||    23
       Distracted        |       |     1 ||     1
Armor: Robe              |    14 |    19 ||    33
       Skin              |       |    25 ||    25
Dodge: Dodged            |    71 |   129 ||   200
